 Dungeon Crawl Stone Soup version 0.18.1-47-g9310371 (webtiles) character file.

410 VorpalKnives the Stinger (level 6, -8/29 HPs)
             Began as a Spriggan Venom Mage on June 18, 2016.
             Was an Initiate of Sif Muna.
             Mangled by a wyvern zombie (10 damage)
             ... on level 5 of the Dungeon.
             The game lasted 00:43:58 (6694 turns).

VorpalKnives the Stinger (Spriggan Venom Mage)      Turns: 6694, Time: 00:43:59

Health: -8/29      AC:  3    Str:  4    XL:     6   Next: 58%
Magic:  10/14      EV: 15    Int: 18    God:    Sif Muna [......]
Gold:   208        SH:  0    Dex: 17    Spells: 4 memorised, 5 levels left

rFire  . . .     SeeInvis +     w - +1 dagger (drain)
rCold  . . .     Gourm    .     E - +1 robe
rNeg   . . .     Faith    .     (shield restricted)
rPois  .         Spirit   .     (helmet restricted)
rElec  .         Dismiss  .     (no cloak)
rCorr  .         Reflect  .     (gloves unavailable)
SustAt .         Harm     .     (boots unavailable)
MR     +....                    (no amulet)
Stlth  +++.......               (no ring)
                                (no ring)

@: very quick, somewhat resistant to hostile enchantments, fairly stealthy
A: unfitting armour, see invisible, herbivore 3, speed 3, slow metabolism 2
a: Renounce Religion


You were on level 5 of the Dungeon.
You worshipped Sif Muna.
Sif Muna was noncommittal.
You were not hungry.

You visited 2 branches of the dungeon, and saw 6 of its levels.

You collected 208 gold pieces.

Inventory:

Hand Weapons
 h - a +0 dagger
 i - a +0 dagger
 j - a cursed -3 dagger
 l - a +0 hunting sling
 n - a cursed -1 blowgun
 r - a +0 dagger
 w - a +1 dagger of draining (weapon)
 y - a +0 short sword
 F - a +0 blowgun
 M - a +1 dagger of holy wrath
Missiles
 f - 33 sling bullets
 m - 116 stones (quivered)
 s - 21 poisoned needles
 G - 8 curare-tipped needles
Armour
 a - a +0 robe
 D - a +0 robe
 E - a +1 robe (worn)
 I - a +0 robe
 J - a +0 robe
 K - a +0 robe
 N - a +0 robe
Jewellery
 o - an uncursed ring of ice {unknown}
 t - an uncursed amulet of magic regeneration {unknown}
 A - an uncursed amulet of harm
 C - an uncursed amulet of regeneration {unknown}
Scrolls
 d - 2 scrolls of identify
 e - a scroll of noise
 g - 2 scrolls of magic mapping
 k - 3 scrolls of fog
 q - 3 scrolls of random uselessness
 v - 2 scrolls of remove curse
 z - a scroll of blinking {unknown}
 B - 2 scrolls of recharging {unknown}
 L - a scroll of immolation {unknown}
Potions
 u - a potion of curing {unknown}
 H - 2 potions of invisibility {unknown}
Books
 b - a Young Poisoner's Handbook

   Spells                             Type                      Level
   a - Sting                          Conjuration/Poison           1
   b - Cure Poison                    Poison                       2
   c - Mephitic Cloud                 Conjuration/Poison/Air       3
   d - Olgreb's Toxic Radiance        Poison                       4
   e - Venom Bolt                     Conjuration/Poison           5
Comestibles
 c - 4 bread rations
 p - 2 fruits
 x - a royal jelly
 O - a slice of pizza


   Skills:
 + Level 0.4 Fighting
 + Level 0.2 Short Blades
 + Level 1.4 Slings
 + Level 4.7 Dodging
 + Level 3.6 Stealth
 + Level 5.0 Spellcasting
 + Level 1.8 Conjurations
 + Level 0.1 Air Magic
 + Level 5.4 Poison Magic


You had 5 spell levels left.
You knew the following spells:

 Your Spells              Type           Power        Failure   Level  Hunger
a - Sting                 Conj/Pois      ###.         3%          1    None
b - Mephitic Cloud        Conj/Pois/Air  ##......     17%         3    ##.....
c - Olgreb's Toxic Radia  Pois           ###.....     17%         4    ####...
d - Cure Poison           Pois           ###.......   1%          2    #......


Dungeon Overview and Level Annotations

Branches:
Dungeon (5/15)             Temple (1/1) D:4

Altars:
Ashenzari
Cheibriados
Kikubaaqudgha
Nemelex Xobeh
Okawaru
Qazlal
Ru
Sif Muna
Trog
Vehumet
Yredelemnul
The Shining One

Annotations:
D:3 protoss039's ghost, amateur MiFi
D:4 mindo's ghost, amateur MiFi


Innate Abilities, Weirdness & Mutations

You are tiny and cannot use many weapons and most armour.
You have supernaturally acute eyesight.
You are a herbivore.
You cover ground extremely quickly.
You need consume almost no food.


Message History

Casting: Sting
Confirm with . or Enter, or press ? or * to list all spells.
Aiming: Sting
Press: ? - help, Shift-Dir - straight line, f/p - crimson imp
Aim: a crimson imp The sting misses the crimson imp.
The teleport trap disappears.
The crimson imp disappears!
Casting: Sting
Confirm with . or Enter, or press ? or * to list all spells.
You can't see any susceptible monsters within range! (Use Z to cast anyway.)
You hit the wyvern zombie. The wyvern zombie bites you.
You hit the wyvern zombie. The wyvern zombie misses you. x2
You hit the wyvern zombie but do no damage.
The wyvern zombie closely misses you.
You hit the wyvern zombie. The wyvern zombie bites you!
You hit the wyvern zombie. The wyvern zombie bites you!
* * * LOW HITPOINT WARNING * * *
The wyvern zombie closely misses you. The wyvern zombie bites you!
You die...

........... ..
.......... . #
#.#.....###. #
#.#..........##.(
#.#......#.#.....
#........$...#...
##...............
.##................
.......@Z...5......
.###...............
#...####........
...... .........
....... ........#
....... .........
....... ..........
..#.... .......
###...... .#


You could see a crimson imp and a wyvern zombie.

Vanquished Creatures
  2 orc priests (D:4)
  4 orc wizards (D:4)
  A giant frog skeleton (D:4)
  2 worker ants (D:4)
  A hound skeleton (D:5)
  5 adders
  4 worms
  2 dart slugs
  2 giant geckos (D:4)
  9 orcs
  3 giant cockroaches
  7 goblins
  6 hobgoblins
  17 jackals
  A quokka (D:4)
  A ball python (D:3)
  5 bats
  4 giant newts
  9 kobolds
  4 rats
89 creatures vanquished.

Notes
Turn   | Place    | Note
--------------------------------------------------------------
     0 | D:1      | VorpalKnives the Spriggan Venom Mage began the quest for the Orb.
     0 | D:1      | Reached XP level 1. HP: 9/9 MP: 5/5
   841 | D:1      | Reached XP level 2. HP: 13/13 MP: 4/6
  1762 | D:2      | Reached XP level 3. HP: 16/16 MP: 4/8
  1914 | D:2      | Learned a level 3 spell: Mephitic Cloud
  3406 | D:4      | Reached XP level 4. HP: 21/21 MP: 6/10
  3408 | D:4      | HP: 1/21 [orc priest/divine providence (11)]
  3861 | D:3      | Noticed protoss039's ghost (amateur MiFi)
  3948 | D:2      | Learned a level 4 spell: Olgreb's Toxic Radiance
  4033 | D:3      | Reached skill level 1 in Conjurations
  4197 | D:4      | Learned a level 2 spell: Cure Poison
  4260 | D:5      | Entered Level 5 of the Dungeon
  4313 | D:4      | Noticed mindo's ghost (amateur MiFi)
  4559 | D:3      | Reached skill level 1 in Slings
  4714 | D:3      | Reached XP level 5. HP: 24/24 MP: 4/12
  4820 | D:4      | Found a staircase to the Ecumenical Temple.
  4838 | Temple   | Entered the Ecumenical Temple
  4931 | Temple   | Became a worshipper of Sif Muna the Loreminder
  5072 | D:4      | Reached skill level 5 in Poison Magic
  5484 | D:4      | HP: 1/24 [orc priest/divine providence (9)]
  5815 | D:4      | Reached XP level 6. HP: 28/28 MP: 6/13
  6440 | D:4      | Reached skill level 5 in Spellcasting
  6694 | D:5      | Mangled by a wyvern zombie

Skill      XL: |  1  2  3  4  5  6 |
---------------+-------------------+-----
Spellcasting   | 3 4 5 |  5.0
Conjurations   | 1 |  1.8
Slings         | 1 |  1.4
Dodging        | 4 |  4.7
Poison Magic   | 5 |  5.4
Fighting       | |  0.4
Short Blades   | |  0.2
Stealth        | |  3.6
Air Magic      | |  0.1

Action                   |  1- 3 |  4- 6 || total
-------------------------+-------+-------++-------
Melee: Dagger            |    76 |    76 ||   152
 Fire: Hunting sling     |       |    21 ||    21
 Cast: Sting             |   125 |    95 ||   220
       Mephitic Cloud    |     1 |     1 ||     2
       Olgreb's Toxic Ra |       |     2 ||     2
  Use: Scroll            |       |     8 ||     8
 Stab: Sleeping          |     1 |       ||     1
  Eat: Pizza             |       |     1 ||     1
       Fruit             |       |     2 ||     2
Armor: Robe              |     8 |    11 ||    19
Dodge: Dodged            |    94 |    77 ||   171
